 Dungeon Crawl Stone Soup version 0.30-a0-365-ge7f957f1db (webtiles) character file.

Game seed: 2819896005948640362

15589 MrRokkomies the Carver (level 12, -1/107 HPs)
             Began as a Meteoran Cinder Acolyte on Nov 17, 2022.
             Was an Initiate of Ignis.
             Slain by a freezing wraith (16 damage)
             ... summoned by a worldbinder
             ... on level 3 of the Abyss.
             The game lasted 00:26:03 (6188 turns).

MrRokkomies the Carver (Meteoran Cinder Acolyte)    Turns: 6188, Time: 00:26:03

Health: -1/107     AC:  7    Str: 16    XL:     12   Next: 96%
Magic:  11/18      EV: 18    Int: 17    God:    Ignis [......]
Gold:   546        SH:  0    Dex: 17    Spells: 10/18 levels left

rFire   + . .      SeeInvis .    a - +3 scimitar (flame)
rCold   . . .      Faith    .    (no shield)
rNeg    . . .      Spirit   .    i - +1 robe of the Realm of Zot {Will+ Dex+3}
rPois   .          Reflect  .    (helmet restricted)
rElec   .          Harm     .    y - scarf {shadows}
rCorr   .          Rampage  .    (no gloves)
Will    ++...                    (no boots)
Stlth   +.........               d - amulet of the acrobat
HPRegen 0.37/turn                u - +4 ring of protection
MPRegen 0.16/turn                (no ring)

@: very slightly contaminated, slowed, glowing, very slow
A: sense surroundings 2, otherworldly, glowing, explore regen, horns 1
a: Renounce Religion


You were on level 3 of the Abyss.
You worshipped Ignis.
Ignis was noncommittal.
You visited 1 branch of the dungeon, and saw 11 of its levels.
You visited the Abyss 1 time.

You collected 636 gold pieces.
You spent 90 gold pieces at shops.

Inventory:

Hand Weapons
 a - a +3 scimitar of flaming (weapon)
 b - a +1 dagger of venom
 c - a +0 morningstar of distortion
 m - a +0 quick blade
 z - a +2 shortbow of freezing
Missiles
 f - 4 throwing nets
Armour
 i - the +1 robe of the Realm of Zot (worn) {Will+ Dex+3}
   (You found it on level 2 of the Dungeon)

   Dex:       It affects your dexterity (+3).
   Will:      It increases your willpower.
 n - a +0 helmet
 q - +0 acid dragon scales
 s - a +0 cloak
 y - a scarf of shadows (worn)
 B - a +2 robe of cold resistance
Jewellery
 d - an amulet of the acrobat (around neck)
 u - a +4 ring of protection (left hand)
 v - an amulet of reflection
 J - the ring "Saruh" {Fire Will+ Int+4 Stlth+}
   (You found it on level 11 of the Dungeon)

   [ring of fire]

   It enhances your fire magic.
   Int:       It affects your intelligence (+4).
   rF:        It protects you from fire.
   rC:        It makes you vulnerable to cold.
   Will:      It increases your willpower.
   Stlth:     It makes you more stealthy.
Wands
 k - a wand of paralysis (24)
 t - a wand of mindburst (18)
 w - a wand of digging (13)
 C - a wand of polymorph (4)
 H - a wand of flame (12)
Scrolls
 e - 2 scrolls of immolation {unknown}
 h - a scroll of summoning
 l - a scroll of enchant weapon
 x - 5 scrolls of identify
 E - a scroll of poison
 F - a scroll of magic mapping
 I - a scroll of vulnerability {unknown}
Potions
 g - 2 potions of might {unknown}
 j - a potion of degeneration {unknown}
 o - 2 potions of ambrosia
 p - 2 potions of cancellation {unknown}
 r - a potion of haste {unknown}
 A - a potion of resistance {unknown}
 D - a potion of berserk rage {unknown}


   Skills:
 * Level 10.5 Fighting
 - Level 14.0 Long Blades
 + Level 10.5 Dodging
 * Level 3.7 Spellcasting
 - Level 5.0 Fire Magic
 - Level 5.0 Air Magic
 - Level 8.0 Poison Magic
 - Level 5.0 Evocations


You had 10 spell levels left.
You knew the following spells:

 Your Spells              Type           Power      Damage    Failure   Level
a - Scorch                Fire           40%        2d7       3%          2
b - Poisonous Vapours     Pois/Air       50%        N/A       1%          2
c - Olgreb's Toxic Radia  Pois           30%        N/A       6%          4

Your spell library contained the following spells:

 Spells                   Type           Power      Damage    Failure   Level
 Sting                    Tmut/Pois      64%        1d6       3%          1
 Cigotuvi's Dreadful Rot  Necr/Pois/Air  34%        N/A       4%          2
 Swiftness                Air            20%        N/A       6%          3
 Mephitic Cloud           Conj/Pois/Air  17%        N/A       9%          3
 Ensorcelled Hibernation  Hex/Ice        6%         N/A       24%         2
 Passwall                 Tmut/Erth      2%         N/A       24%         2
 Gell's Gravitas          Tloc           3%         N/A       43%         3
 Lesser Beckoning         Tloc           6%         N/A       43%         3
 Ozocubu's Armour         Ice            3%         N/A       43%         3
 Teleport Other           Tloc           3%         N/A       43%         3
 Animate Dead             Necr           3%         N/A       85%         4
 Haunt                    Necr/Summ      1%         N/A       100%        7
 Ozocubu's Refrigeration  Ice            1%         4d7       100%        7
 Infestation              Necr           1%         N/A       100%        8


Dungeon Overview and Level Annotations

Branches:
Dungeon (11/15) Zot: 653     Lair (0/5) D:11            Orc (0/2) D:10
 Temple: D:4-7

Altars:
Cheibriados
Nemelex Xobeh
Trog
Uskayaw
Wu Jian
Xom
The Shining One

Shops:
D:3 ?

Annotations:
D:9 exclusion: ice statue


Innate Abilities, Weirdness & Mutations

You passively map the area around you.
You are easily found by Zot.
You glow in the dark.
You regain HP and MP as you explore.
You have a pair of small horns on your head.


Message History

The thrashing horror tramples you but does no damage. x2
The freezing wraith barely misses you. The freezing wraith closely misses you.
The worldbinder hits you but does no damage.
The worldbinder hits you.
You hit the worldbinder. You burn the worldbinder.
The worldbinder is lightly damaged.
The thrashing horror closely misses you.
The thrashing horror misses you.
The worldbinder hits you but does no damage. x2
The freezing wraith hits you but does no damage.
The freezing wraith closely misses you.
You slash the worldbinder! You burn the worldbinder.
The worldbinder is moderately damaged.
The thrashing horror tramples you.
You hold your ground!
The thrashing horror tramples you.
You hold your ground!
The worldbinder hits you. x2
Unknown command.
You slash the worldbinder! You burn the worldbinder.
The worldbinder is severely damaged.
The thrashing horror is no longer more vulnerable to fire.
The thrashing horror tramples you.
You hold your ground!
The thrashing horror tramples you but does no damage.
The freezing wraith hits you. The freezing wraith freezes you!
The freezing wraith hits you!
* * * LOW HITPOINT WARNING * * *
The freezing wraith drains your vigour!
You feel yourself slow down. The worldbinder hits you.
* * * LOW HITPOINT WARNING * * *
The worldbinder hits you.
* * * LOW HITPOINT WARNING * * *
You feel better. The thrashing horror tramples you.
* * * LOW HITPOINT WARNING * * *
You hold your ground!
The thrashing horror barely misses you.
The thrashing horror misses you. x2; The worldbinder closely misses you.
The worldbinder hits you.
* * * LOW HITPOINT WARNING * * *
The freezing wraith hits you.
* * * LOW HITPOINT WARNING * * *
The freezing wraith freezes you!
You die...

..... . .
... # ##
.... #. .
.#.
#...##..# #
. . #.....#
## .# #
#.#.### # .
.#.. #
#...#.#
...... .
##WX# ###.
#....
#.@#.#...
##.....
#x##.# ..#
...
.##.#W.#...
.... # . #
......#
......## ..
.###.#
#.##.....#
. # # ## #
X... . . .#
# #..#. . #
##. #..#
#..... # .
## #.....


You could see a thrashing horror, 2 freezing wraiths and a worldbinder.

Vanquished Creatures
  Erica (D:8)
  A boulder beetle (D:9)
  A two-headed ogre (D:11)
  Nergalle (D:10)
  A manticore (D:11)
  An ugly thing (D:6)
  A cyclops (D:10)
  Joseph (D:8)
  2 gargoyles
  Maggie (D:10)
  A kobold demonologist (D:11)
  Psyche (D:8)
  An unseen horror (D:11)
  3 trolls
  2 shadows
  A vampire (D:8)
  3 wyverns
  11 yaks
  2 basilisks (D:11)
  2 steam dragons
  2 vampire mosquitoes (D:11)
  4 wargs (D:10)
  Menkaure (D:4)
  6 water moccasins
  4 black bears
  2 ice beasts
  2 ogres
  2 sky beasts
  A wolf (D:11)
  A centaur (D:8)
  2 kobold brigands (D:8)
  Blork the orc (D:4)
  3 necrophages
  3 bullfrogs
  2 gnoll sergeants
  2 scorpions
  12 wights
  15 killer bees
  A howler monkey (D:5)
  3 jellies
  3 orc priests
  2 gnoll boudas (D:5)
  8 hounds
  5 iguanas
  Natasha (D:2)
  An orc wizard (D:9)
  Robin (D:4)
  15 gnolls
  6 adders
  4 white imps
  An ufetubus (D:6)
  3 worms
  2 dart slugs
  13 orcs
  5 bats
  6 endoplasms
  2 giant cockroaches
  12 goblins
  7 hobgoblins
  11 jackals
  7 kobolds
  4 quokkas
  9 ball pythons
  A frilled lizard (D:2)
  6 rats
242 creatures vanquished.

Vanquished Creatures (collateral kills)
  A two-headed ogre (D:11)
  A manticore (D:11)
  A howler monkey (D:11)
3 creatures vanquished.

Vanquished Creatures (others)
  12 foxfires (D:5)
  A fungus (D:11)
  30 plants
43 creatures vanquished.

Grand Total: 288 creatures vanquished

Notes
Turn   | Place    | Note
-------+----------+-------------------------------------------
     0 | D:1      | MrRokkomies the Meteoran Cinder Acolyte began the quest for
                  | the Orb.
     0 | D:1      | Reached XP level 1. HP: 19/19 MP: 3/3
    80 | D:1      | Reached XP level 2. HP: 26/26 MP: 5/5
   246 | D:1      | Reached skill level 4 in Long Blades
   247 | D:1      | Reached XP level 3. HP: 29/31 MP: 6/6
   310 | D:2      | Reached skill level 1 in Dodging
   330 | D:2      | Found a faded altar of an unknown god.
   339 | D:2      | Reached XP level 4. HP: 15/40 MP: 7/7
   461 | D:2      | Identified the +1 robe of the Realm of Zot {Will+ Dex+3}
   776 | D:2      | Noticed Natasha
   783 | D:2      | Killed Natasha
   784 | D:2      | Reached XP level 5. HP: 14/47 MP: 8/8
  1278 | D:3      | Found Cack's Magic Scroll Boutique.
  1287 | D:3      | Bought a scroll of enchant weapon for 90 gold pieces
  1357 | D:3      | Reached skill level 5 in Long Blades
  1357 | D:3      | Reached XP level 6. HP: 23/53 MP: 9/9
  1481 | D:4      | Learned a level 2 spell: Scorch
  1494 | D:4      | Noticed Robin
  1508 | D:4      | Reached skill level 5 in Fighting
  1520 | D:4      | Killed Robin
  1567 | D:4      | Noticed Menkaure
  1574 | D:4      | Killed Menkaure
  1575 | D:4      | Reached XP level 7. HP: 18/61 MP: 3/10
  1600 | D:4      | Reached skill level 5 in Fire Magic
  1773 | D:4      | Reached skill level 6 in Long Blades
  1827 | D:4      | Noticed Blork the orc
  1838 | D:4      | Killed Blork the orc
  1839 | D:4      | Reached skill level 1 in Evocations
  1839 | D:4      | Reached XP level 8. HP: 49/70 MP: 1/11
  2002 | D:5      | Entered Level 5 of the Dungeon
  2113 | D:5      | Reached skill level 7 in Long Blades
  2153 | D:5      | Gained mutation: You passively map the area around you.
                  | [Meteoran growth]
  2153 | D:5      | Reached XP level 9. HP: 25/79 MP: 12/12
  2544 | D:5      | Reached skill level 8 in Long Blades
  2622 | D:5      | Learned a level 2 spell: Poisonous Vapours
  2831 | D:6      | Noticed a cyan ugly thing
  2832 | D:6      | Noticed a gargoyle
  2849 | D:6      | Reached skill level 5 in Dodging
  2865 | D:6      | Killed a cyan ugly thing
  2909 | D:6      | Reached skill level 9 in Long Blades
  3040 | D:6      | Killed a gargoyle
  3041 | D:6      | Reached XP level 10. HP: 11/90 MP: 8/13
  3190 | D:6      | Reached skill level 5 in Evocations
  3273 | D:6      | Found a glowing golden altar of the Shining One.
  3423 | D:7      | Reached skill level 10 in Long Blades
  3610 | D:7      | Identified a scroll of acquirement
  3610 | D:7      | Acquired an amulet of reflection
  3722 | D:7      | Reached skill level 1 in Air Magic
  3722 | D:7      | Reached skill level 1 in Poison Magic
  3960 | D:8      | Noticed Erica
  3969 | D:8      | Killed Erica
  3970 | D:8      | Reached skill level 10 in Fighting
  4096 | D:8      | Noticed Psyche
  4100 | D:8      | Killed Psyche
  4101 | D:8      | Reached skill level 11 in Long Blades
  4101 | D:8      | Reached XP level 11. HP: 70/99 MP: 5/14
  4375 | D:8      | Noticed Joseph
  4385 | D:8      | Killed Joseph
  4753 | D:9      | Found a bloodstained altar of Trog.
  4753 | D:9      | Found a sparkling altar of Nemelex Xobeh.
  4753 | D:9      | Found a snail-covered altar of Cheibriados.
  4753 | D:9      | Found a hide-covered altar of Uskayaw.
  4754 | D:9      | Found an ornate altar of the Wu Jian Council.
  4755 | D:9      | Found a shimmering altar of Xom.
  4776 | D:9      | Noticed a boulder beetle
  4793 | D:9      | Killed a boulder beetle
  4794 | D:9      | Reached skill level 12 in Long Blades
  4842 | D:9      | Reached skill level 5 in Air Magic
  4849 | D:9      | Learned a level 4 spell: Olgreb's Toxic Radiance
  4891 | D:9      | HP: 4/93 [wight/+4 halberd of freezing (3)]
  4896 | D:9      | Reached skill level 5 in Poison Magic
  4977 | D:9      | Noticed a two-headed ogre
  5068 | D:9      | Noticed an ice statue
  5148 | D:10     | Entered Level 10 of the Dungeon
  5148 | D:10     | Noticed Maggie
  5163 | D:10     | Killed Maggie
  5168 | D:10     | Reached skill level 13 in Long Blades
  5168 | D:10     | Reached XP level 12. HP: 48/106 MP: 1/15
  5204 | D:10     | Found a staircase to the Orcish Mines.
  5218 | D:10     | Noticed Nergalle
  5330 | D:10     | Killed Nergalle
  5678 | D:11     | Noticed a two-headed ogre
  5686 | D:11     | Killed a two-headed ogre
  5687 | D:11     | Reached skill level 14 in Long Blades
  5746 | D:11     | Reached skill level 10 in Dodging
  5865 | D:11     | Noticed a two-headed ogre
  5880 | D:11     | Killed a two-headed ogre
  6006 | D:11     | Found a staircase to the Lair.
  6042 | D:11     | Identified the ring "Saruh" {Fire Will+ Int+4 Stlth+}
  6150 | Abyss:3  | Cast into level 3 of the Abyss (unwielding a weapon of
                  | distortion)
  6159 | Abyss:3  | Gained mutation: You have a pair of small horns on your
                  | head. [mutagenic glow]
  6164 | Abyss:3  | Noticed a thrashing horror
  6164 | Abyss:3  | Noticed a thrashing horror
  6188 | Abyss:3  | Slain by a freezing wraith

Illustrated notes

Levels and vault maps discovered:
D:1:      minmay_arrival_stone_box, layout_loops_ring, serial_bayou_ford_a
D:2:      layout_loops_ring, shapermc_ecumenical_altar_flowoftime,
          minmay_misc_feat_rows, serial_bayou_pond_c, uniq_natasha
D:3:      layout_loops_corners, serial_shops, nicolae_lakefront_shop,
          kennysheep_nub, minmay_misc_feat_room, minmay_ruptured
D:4:      layout_gridville, chequers_jeans, kennysheep_generic_room_3,
          uniq_robin, uniq_blork_the_orc, uniq_menkaure
D:5:      minmay_opposing_rooms, layout_loops_corners,
          minmay_temple_entry_large_hall, nicolae_grassy_gnolls
D:6:      cheibrodos_quashed, layout_basic, marbit_many_paths,
          minmay_chambers_of_fives
D:7:      layout_loops_ring
D:8:      layout_cave_pods, grunt_ogre_cave, st_stairs_6, uniq_joseph,
          uniq_psyche, uniq_erica
D:9:      cheibrodos_frozen_isle, layout_basic, grunt_temple_overflow_open,
          nzn_ghost_randoct, minmay_misc_feat_chi, eino_house_with_fridge
D:10:     layout_basic, minmay_orc_entry_guard_dogs, uniq_maggie, uniq_nergalle
D:11:     layout_rooms, minmay_lair_entry_grove
Abyss:3:  base:
Temple

Skill      XL: |  1  2  3  4  5  6  7  8  9 10 11 12 |
---------------+-------------------------------------+-----
Long Blades    | 4 5 6 7 9 11 13 14 | 14.0
Dodging        | 1 2 3 4 5 7 8 10 | 10.5
Fire Magic     | 4 5 |  5.0
Fighting       | 4 5 6 7 8 10 | 10.5
Evocations     | 1 3 4 5 |  5.0
Air Magic      | 2 5 |  5.0
Poison Magic   | 2 5 8 |  8.0
Spellcasting   | 3 |  3.7

Action                   |  1- 3 |  4- 6 |  7- 9 | 10-12 || total
-------------------------+-------+-------+-------+-------++-------
Melee: Falchion          |    37 |       |    19 |    23 ||    79
       Dagger            |     6 |   173 |   265 |   125 ||   569
       Punch             |       |     1 |     7 |     9 ||    17
       Scimitar          |       |       |       |   353 ||   353
       Headbutt          |       |       |       |     3 ||     3
Throw: Throwing net      |       |       |     4 |       ||     4
 Cast: Scorch            |       |     3 |    12 |    45 ||    60
       Poisonous Vapours |       |       |       |    10 ||    10
       Olgreb's Toxic Ra |       |       |       |     4 ||     4
Invok: Fiery Armour      |     1 |       |     3 |     7 ||    11
       Foxfire Swarm     |       |       |     1 |       ||     1
       Rising Flame      |       |       |     1 |       ||     1
Evoke: Wand              |       |       |     1 |     3 ||     4
  Use: Scroll            |       |     3 |     2 |     8 ||    13
       Potion            |       |       |     2 |     4 ||     6
 Stab: Held in net/web   |       |       |     5 |       ||     5
       Paralysed         |       |       |     4 |     5 ||     9
Armor: Robe              |    16 |    48 |    84 |   162 ||   310
Dodge: Dodged            |    43 |   117 |   144 |   433 ||   737

Table legend: (Time is in decaauts)
 A = Elapsed time spent in this place.
 B = Non-inter-level travel time spent in this place.
 C = Inter-level travel time spent in this place.
 D = Time resting spent in this place.
 E = Time spent auto-exploring this place.
 F = Levels seen in this place.
 G = Mean time per level.
                   A        B        C        D        E       F      G
               +--------+--------+--------+--------+--------+-----+--------+
         Total |   5981 |   5627 |    354 |    132 |   2550 |  12 |  498.4 |
       Dungeon |   5946 |   5592 |    354 |    132 |   2550 |  11 |  540.5 |
         Abyss |     34 |     34 |      0 |      0 |      0 |   1 |   34.0 |
               +--------+--------+--------+--------+--------+-----+--------+

Top non-repeatable levels by time:
     D:8: 883 daAuts
     D:5: 739 daAuts
     D:3: 615 daAuts
     D:4: 550 daAuts
     D:7: 542 daAuts
     D:2: 521 daAuts
    D:10: 487 daAuts
     D:6: 479 daAuts
    D:11: 462 daAuts
     D:9: 372 daAuts
     D:1: 292 daAuts
 Abyss:3: 34 daAuts
